Workbook

Sheet FormA_PaymentRequest
A1: CONSULTANT PAYMENT REQUEST FORM
A4: Prime Consultant: | D4: Alameda CTC Agreement No.: | G4: Invoice No.:
A5: Address: | D5: Alameda CTC Agreement Term: | E5: MM/DD/YY to MM/DD/YY | G5: Date of Invoice:
D6: Alameda CTC Project Manager: | G6: Payment Request No.:
A7: Contact Name: | D7: Alameda CTC Project No.: | G7: Phase/Description:
A8: Phone: | D8: Alameda CTC Project Name: | G8: Period (From - To): | H8: MM/DD/YY to MM/DD/YY
A9: E-mail: | G9: Final Invoice (YES/NO):
G10: Exhibit 17-F must be attached with the Final Invoice
G11: for contracts funded with federal funds.
A12: CONSULTANT COSTS
A13: Description | C13: Approved Contract Budget | D13: Billed This Period | E13: Retention Held This Period | F13: Previously Billed | G13: Total Billed to Date | H13: % Expended to Date | I13: Remaining Task Budget
A14: Consultant Charges | C14: 0 | D14: 0 | E14: 0 | F14: 0 | G14: =+D14+F14 -> 0 | H14: =IF(G14=0,"",G14/C14) | I14: =+C14-G14 -> 0
A15: Direct Expenses | C15: 0 | D15: 0 | E15: 0 | F15: 0 | G15: =+D15+F15 -> 0 | H15: =IF(G15=0,"",G15/C15) | I15: =+C15-G15 -> 0
B16: TOTAL CONSULTANT COSTS: | C16: =SUM(C14:C15) -> 0 | D16: =SUM(D14:D15) -> 0 | E16: =SUM(E14:E15) -> 0 | F16: =SUM(F14:F15) -> 0 | G16: =SUM(G14:G15) -> 0 | H16: =IF(G16=0,"",G16/C16) | I16: =SUM(I14:I15) -> 0
A18: TASK BREAKDOWN
A19: Task No. (Per the Agreement) | B19: Task Description | C19: Approved Contract Task Budget | D19: Billed this Period | E19: Retention Held This Period | F19: Previously Billed | G19: Total Billed to Date | H19: % Expended to Date | I19: Remaining Task Budget
C20: 0 | D20: 0 | E20: 0 | F20: 0 | G20: =+D20+F20 -> 0 | H20: =IF(G20=0,"",G20/C20) | I20: =+SUM(C20:C20)-G20 -> 0
C21: 0 | D21: 0 | E21: 0 | F21: 0 | G21: =+D21+F21 -> 0 | H21: =IF(G21=0,"",G21/C21) | I21: =+SUM(C21:C21)-G21 -> 0
C22: 0 | D22: 0 | E22: 0 | F22: 0 | G22: =+D22+F22 -> 0 | H22: =IF(G22=0,"",G22/C22) | I22: =+SUM(C22:C22)-G22 -> 0
C23: 0 | D23: 0 | E23: 0 | F23: 0 | G23: =+D23+F23 -> 0 | H23: =IF(G23=0,"",G23/C23) | I23: =+SUM(C23:C23)-G23 -> 0
C24: 0 | D24: 0 | E24: 0 | F24: 0 | G24: =+D24+F24 -> 0 | H24: =IF(G24=0,"",G24/C24) | I24: =+SUM(C24:C24)-G24 -> 0
C25: 0 | D25: 0 | E25: 0 | F25: 0 | G25: =+D25+F25 -> 0 | H25: =IF(G25=0,"",G25/C25) | I25: =+SUM(C25:C25)-G25 -> 0
C26: 0 | D26: 0 | E26: 0 | F26: 0 | G26: =+D26+F26 -> 0 | H26: =IF(G26=0,"",G26/C26) | I26: =+SUM(C26:C26)-G26 -> 0
C27: 0 | D27: 0 | E27: 0 | F27: 0 | G27: =+D27+F27 -> 0 | H27: =IF(G27=0,"",G27/C27) | I27: =+SUM(C27:C27)-G27 -> 0
C28: 0 | D28: 0 | E28: 0 | F28: 0 | G28: =+D28+F28 -> 0 | H28: =IF(G28=0,"",G28/C28) | I28: =+SUM(C28:C28)-G28 -> 0
C29: 0 | D29: 0 | E29: 0 | F29: 0 | G29: =+D29+F29 -> 0 | H29: =IF(G29=0,"",G29/C29) | I29: =+SUM(C29:C29)-G29 -> 0
C30: 0 | D30: 0 | E30: 0 | F30: 0 | G30: =+D30+F30 -> 0 | H30: =IF(G30=0,"",G30/C30) | I30: =+SUM(C30:C30)-G30 -> 0
C31: 0 | D31: 0 | E31: 0 | F31: 0 | G31: =+D31+F31 -> 0 | H31: =IF(G31=0,"",G31/C31) | I31: =+SUM(C31:C31)-G31 -> 0
... C33: 0 | D33: 0 | E33: 0 | F33: 0 | G33: =+D33+F33 -> 0 | H33: =IF(G33=0,"",G33/C33) | I33: =+SUM(C33:C33)-G33 -> 0
B34: TOTAL TASK BREAKDOWN COSTS: | C34: =SUM(C20:C33) -> 0 | D34: =SUM(D20:D33) -> 0 | E34: =SUM(E20:E33) -> 0 | F34: =SUM(F20:F33) -> 0 | G34: =SUM(G20:G33) -> 0 | H34: =IF(G34=0,"",G34/C34) | I34: =SUM(I20:I33) -> 0
A37: Consultant Project Manager's Certification | E37: ALAMEDA CTC USE ONLY - Reviewer's Comments
A38: I hereby certify that the information included in this Payment Request is true and accurate and that the claimed expenses have been paid as of the date of this request.
E42: Alameda CTC Approval
A43: Signature | B43: Date | E43: I have reviewed that the supporting documents are accurate and complete, and I approve this invoice for payment.
A48: Name and Title | E48: Signature | I48: Date
A50: File: • Document Controls • Project Controls

Sheet FormB_VendorCosts
A1: VENDOR COSTS FORM
A4: Prime Consultant: | B4: =IF(ISBLANK(FormA_PaymentRequest!B4),"",FormA_PaymentRequest!B4) | N4: Original Contract Amount | O4: =G27 -> 0
A5: Alameda CTC Project No.: | B5: =IF(ISBLANK(FormA_PaymentRequest!E7),"",FormA_PaymentRequest!E7) | N5: Current Contract Amount: | O5: =+O1+O2+O3+O4 -> 0
A6: Alameda CTC Agreement No.: | B6: =IF(ISBLANK(FormA_PaymentRequest!E4),"",FormA_PaymentRequest!E4) | N6: Previously Billed: | O6: =J24 -> 0
A7: Phase/Description: | B7: =IF(ISBLANK(FormA_PaymentRequest!H7),"",FormA_PaymentRequest!H7) | N7: Amount of this Invoice: | O7: =K24 -> 0
A8: Period (From - To): | B8: =IF(ISBLANK(FormA_PaymentRequest!H8)," ",FormA_PaymentRequest!H8) -> MM/DD/YY to MM/DD/YY | N8: Remaining Budget: | O8: =O5-O6-O7 -> 0
A9: Invoice No.: | B9: =IF(ISBLANK(FormA_PaymentRequest!H4)," ",FormA_PaymentRequest!H4) | N9: Contract Equity Goal(s):
A10: Final Invoice (YES/NO): | B10: =IF(ISBLANK(FormA_PaymentRequest!H9)," ",FormA_PaymentRequest!H9)
A13: VENDOR COSTS
A14: Vendor Name | B14: Vendor Tier | C14: Certification | G14: Original Vendor Contract Amount | H14: Current Vendor Contract Amount | I14: % Current Vendor Contract Amount | J14: Previously Billed | K14: Billed this Period | L14: Current Retention (Held/Released) | M14: Total Billed to Date | N14: Total Retention to Date | O14: Total Paid to Date | P14: Remaining Amount | Q14: % Expended to Date
C15: L | D15: S | E15: V | F15: D
B16: P | C16: =IF(ISBLANK(#REF!),"","X") -> X | D16: =IF(ISBLANK(#REF!),"","X") -> X | E16: =IF(ISBLANK(#REF!),"","X") -> X | F16: =IF(ISBLANK(#REF!),"","X") -> X | G16: 0 | H16: 0 | I16: =IF(H16=0,"",H16/$H$27) | J16: 0 | K16: 0 | L16: 0 | M16: =+J16+K16 -> 0 | N16: 0 | O16: 0 | P16: =+H16-M16 -> 0 | Q16: =IF(M16=0,"0%",M16/$H16) -> 0%
B17: 1 | C17: =IF(ISBLANK(#REF!),"","X") -> X | D17: =IF(ISBLANK(#REF!),"","X") -> X | E17: =IF(ISBLANK(#REF!),"","X") -> X | F17: =IF(ISBLANK(#REF!),"","X") -> X | G17: 0 | H17: 0 | I17: =IF(H17=0,"",H17/$H$27) | J17: 0 | K17: 0 | L17: 0 | M17: =+J17+K17 -> 0 | N17: 0 | O17: 0 | P17: =+H17-M17 -> 0 | Q17: =IF(M17=0,"0%",M17/$H17) -> 0%
B18: 2 | C18: =IF(ISBLANK(#REF!),"","X") -> X | D18: =IF(ISBLANK(#REF!),"","X") -> X | E18: =IF(ISBLANK(#REF!),"","X") -> X | F18: =IF(ISBLANK(#REF!),"","X") -> X | G18: 0 | H18: 0 | I18: =IF(H18=0,"",H18/$H$27) | J18: 0 | K18: 0 | L18: 0 | M18: =+J18+K18 -> 0 | N18: 0 | O18: 0 | P18: =+H18-M18 -> 0 | Q18: =IF(M18=0,"0%",M18/$H18) -> 0%
B19: 3 | C19: =IF(ISBLANK(#REF!),"","X") -> X | D19: =IF(ISBLANK(#REF!),"","X") -> X | E19: =IF(ISBLANK(#REF!),"","X") -> X | F19: =IF(ISBLANK(#REF!),"","X") -> X | G19: 0 | H19: 0 | I19: =IF(H19=0,"",H19/$H$27) | J19: 0 | K19: 0 | L19: 0 | M19: =+J19+K19 -> 0 | N19: 0 | O19: 0 | P19: =+H19-M19 -> 0 | Q19: =IF(M19=0,"0%",M19/$H19) -> 0%
B20: 1 | C20: =IF(ISBLANK(#REF!),"","X") -> X | D20: =IF(ISBLANK(#REF!),"","X") -> X | E20: =IF(ISBLANK(#REF!),"","X") -> X | F20: =IF(ISBLANK(#REF!),"","X") -> X | G20: 0 | H20: 0 | I20: =IF(H20=0,"",H20/$H$27) | J20: 0 | K20: 0 | L20: 0 | M20: =+J20+K20 -> 0 | N20: 0 | O20: 0 | P20: =+H20-M20 -> 0 | Q20: =IF(M20=0,"0%",M20/$H20) -> 0%
B21: 2 | C21: =IF(ISBLANK(#REF!),"","X") -> X | D21: =IF(ISBLANK(#REF!),"","X") -> X | E21: =IF(ISBLANK(#REF!),"","X") -> X | F21: =IF(ISBLANK(#REF!),"","X") -> X | G21: 0 | H21: 0 | I21: =IF(H21=0,"",H21/$H$27) | J21: 0 | K21: 0 | L21: 0 | M21: =+J21+K21 -> 0 | N21: 0 | O21: 0 | P21: =+H21-M21 -> 0 | Q21: =IF(M21=0,"0%",M21/$H21) -> 0%
B22: 3 | C22: =IF(ISBLANK(#REF!),"","X") -> X | D22: =IF(ISBLANK(#REF!),"","X") -> X | E22: =IF(ISBLANK(#REF!),"","X") -> X | F22: =IF(ISBLANK(#REF!),"","X") -> X | G22: 0 | H22: 0 | I22: =IF(H22=0,"",H22/$H$27) | J22: 0 | K22: 0 | L22: 0 | M22: =+J22+K22 -> 0 | N22: 0 | O22: 0 | P22: =+H22-M22 -> 0 | Q22: =IF(M22=0,"0%",M22/$H22) -> 0%
B23: 1 | C23: =IF(ISBLANK(#REF!),"","X") -> X | D23: =IF(ISBLANK(#REF!),"","X") -> X | E23: =IF(ISBLANK(#REF!),"","X") -> X | F23: =IF(ISBLANK(#REF!),"","X") -> X | G23: 0 | H23: 0 | I23: =IF(H23=0,"",H23/$H$27) | J23: 0 | K23: 0 | L23: 0 | M23: =+J23+K23 -> 0 | N23: 0 | O23: 0 | P23: =+H23-M23 -> 0 | Q23: =IF(M23=0,"0%",M23/$H23) -> 0%
B24: 2 | C24: =IF(ISBLANK(#REF!),"","X") -> X | D24: =IF(ISBLANK(#REF!),"","X") -> X | E24: =IF(ISBLANK(#REF!),"","X") -> X | F24: =IF(ISBLANK(#REF!),"","X") -> X | G24: 0 | H24: 0 | I24: =IF(H24=0,"",H24/$H$27) | J24: 0 | K24: 0 | L24: 0 | M24: =+J24+K24 -> 0 | N24: 0 | O24: 0 | P24: =+H24-M24 -> 0 | Q24: =IF(M24=0,"0%",M24/$H24) -> 0%
B25: 3 | C25: =IF(ISBLANK(#REF!),"","X") -> X | D25: =IF(ISBLANK(#REF!),"","X") -> X | E25: =IF(ISBLANK(#REF!),"","X") -> X | F25: =IF(ISBLANK(#REF!),"","X") -> X | G25: 0 | H25: 0 | I25: =IF(H25=0,"",H25/$H$27) | J25: 0 | K25: 0 | L25: 0 | M25: =+J25+K25 -> 0 | N25: 0 | O25: 0 | P25: =+H25-M25 -> 0 | Q25: =IF(M25=0,"0%",M25/$H25) -> 0%
B26: 1 | C26: =IF(ISBLANK(#REF!),"","X") -> X | D26: =IF(ISBLANK(#REF!),"","X") -> X | E26: =IF(ISBLANK(#REF!),"","X") -> X | F26: =IF(ISBLANK(#REF!),"","X") -> X | G26: 0 | H26: 0 | I26: =IF(H26=0,"",H26/$H$27) | J26: 0 | K26: 0 | L26: 0 | M26: =+J26+K26 -> 0 | N26: 0 | O26: 0 | P26: =+H26-M26 -> 0 | Q26: =IF(M26=0,"0%",M26/$H26) -> 0%
F27: TOTAL: | G27: =SUM(G16:G26) -> 0 | H27: =SUM(H16:H26) -> 0 | I27: =IF(H27=0,"",H27/$H$27) | J27: =SUM(J16:J26) -> 0 | K27: =SUM(K16:K26) -> 0 | L27: =SUM(L16:L26) -> 0 | M27: =SUM(M16:M26) -> 0 | N27: =SUM(N16:N26) -> 0 | O27: =SUM(O16:O26) -> 0 | P27: =SUM(P16:P26) -> 0 | Q27: =IF(M27=0,"0%",M27/$H27) -> 0%
A30: Reviewer's Comments:
A37: File: | B37: Vendor Tier | H37: Vendor Certification
A38: • Document Controls | B38: P = Prime Contractor | H38: L = LBE
A39: • Project Controls | B39: 1 = Tier 1 Subconsultant | H39: S = SLBE
B40: 2 = Tier 2 Subconsultant | H40: V = VSLBE
B41: 3 = Tier 3 Subconsultant | H41: D = DBE

Sheet FormC_RetentionRequest
A1: RETENTION RELEASE REQUEST FORM
A4: Prime Consultant: | B4: =IF(ISBLANK(FormA_PaymentRequest!B4),"",FormA_PaymentRequest!B4) | E4: Alameda CTC Project No.: | F4: =IF(ISBLANK(FormA_PaymentRequest!E7),"",FormA_PaymentRequest!E7)
A5: Address: | B5: =IF(ISBLANK(FormA_PaymentRequest!B5),"",FormA_PaymentRequest!B5) | E5: Alameda CTC Agreement No.: | F5: =IF(ISBLANK(FormA_PaymentRequest!E4),"",FormA_PaymentRequest!E4)
B6: =IF(ISBLANK(FormA_PaymentRequest!B6),"",FormA_PaymentRequest!B6) | E6: Alameda CTC Manager: | F6: =IF(ISBLANK(FormA_PaymentRequest!E6),"",FormA_PaymentRequest!E6)
A7: Contact Name: | B7: =IF(ISBLANK(FormA_PaymentRequest!B7),"",FormA_PaymentRequest!B7) | E7: Invoice No.: | F7: =IF(ISBLANK(FormA_PaymentRequest!H4)," ",FormA_PaymentRequest!H4)
A8: Phone: | B8: =IF(ISBLANK(FormA_PaymentRequest!B8),"",FormA_PaymentRequest!B8) | E8: Date of Invoice: | F8: =IF(ISBLANK(FormA_PaymentRequest!H5)," ",FormA_PaymentRequest!H5)
A9: E-mail: | B9: =IF(ISBLANK(FormA_PaymentRequest!B9),"",FormA_PaymentRequest!B9) | E9: Payment Request No.: | F9: =IF(ISBLANK(FormA_PaymentRequest!H6)," ",FormA_PaymentRequest!H6)
A10: Retention as of: | E10: Phase/Description: | F10: =IF(ISBLANK(FormA_PaymentRequest!H7),"",FormA_PaymentRequest!H7)
E11: Final Invoice (YES/NO): | F11: =IF(ISBLANK(FormA_PaymentRequest!H9)," ",FormA_PaymentRequest!H9)
A13: TOTAL RETENTION WITHHELD: | C13: =+D34 -> 0
A14: RETENTION PREVIOUSLY BILLED: | C14: =+E34 -> 0
A15: OUTSTANDING RETENTION: | C15: =+C13-C14 -> 0
A16: THIS RETENTION RELEASE REQUEST: | C16: =+F34 -> 0
A17: RETENTION BALANCE: | C17: =+C15-C16 -> 0
A20: BILLING AND RETENTION DETAIL
A21: Invoice Number | B21: Invoice Date | C21: Invoice Amount | D21: Retention Withheld | E21: Retention Previously Billed | F21: This Retention Release Request | G21: Retention Balance
C22: 0 | D22: 0 | E22: 0 | F22: 0 | G22: =+D22-E22-F22 -> 0
C23: 0 | D23: 0 | E23: 0 | F23: 0 | G23: =+D23-E23-F23 -> 0
C24: 0 | D24: 0 | E24: 0 | F24: 0 | G24: =+D24-E24-F24 -> 0
C25: 0 | D25: 0 | E25: 0 | F25: 0 | G25: =+D25-E25-F25 -> 0
C26: 0 | D26: 0 | E26: 0 | F26: 0 | G26: =+D26-E26-F26 -> 0
C27: 0 | D27: 0 | E27: 0 | F27: 0 | G27: =+D27-E27-F27 -> 0
C28: 0 | D28: 0 | E28: 0 | F28: 0 | G28: =+D28-E28-F28 -> 0
C29: 0 | D29: 0 | E29: 0 | F29: 0 | G29: =+D29-E29-F29 -> 0
C30: 0 | D30: 0 | E30: 0 | F30: 0 | G30: =+D30-E30-F30 -> 0
C31: 0 | D31: 0 | E31: 0 | F31: 0 | G31: =+D31-E31-F31 -> 0
C32: 0 | D32: 0 | E32: 0 | F32: 0 | G32: =+D32-E32-F32 -> 0
C33: 0 | D33: 0 | E33: 0 | F33: 0 | G33: =+D33-E33-F33 -> 0
B34: TOTAL: | C34: =SUM(C22:C33) -> 0 | D34: =SUM(D22:D33) -> 0 | E34: =SUM(E22:E33) -> 0 | F34: =SUM(F22:F33) -> 0 | G34: =SUM(G22:G33) -> 0
A37: Consultant Project Manager's Certification | E37: ALAMEDA CTC USE ONLY - Reviewer's Comments
A38: I hereby certify that the information included in this Payment Request is true and accurate and that the claimed expenses have been paid as of the date of this request.
E42: Alameda CTC Approval
A43: Signature | C43: Date | E43: I have reviewed that the supporting documents are accurate and complete, and I approve this invoice for payment.
A48: Name and Title | E48: Signature | G48: Date
A50: File:
A51: • Document Controls
A52: • Project Controls
